 Dungeon Crawl Stone Soup version 0.29.1-2-gbd0b4ee654 (webtiles) character file.

Game seed: 8126123464301312125

9 hawla the Gusty (level 2, -4/20 HPs)
             Began as a Meteoran Air Elementalist on Dec 1, 2022.
             Slain by a scorpion (7 damage)
             ... on level 4 of the Dungeon.
             The game lasted 00:01:39 (199 turns).

hawla the Gusty (Meteoran Air Elementalist)          Turns: 199, Time: 00:01:39

Health: -4/20      AC:  2    Str:  9    XL:     2   Next: 35%
Magic:  2/6        EV: 12    Int: 16    God:
Gold:   4          SH:  0    Dex: 14    Spells: 3/6 levels left

rFire   . . .      SeeInvis .   (no weapon)
rCold   . . .      Faith    .   (no shield)
rNeg    . . .      Spirit   .   a - +0 robe
rPois   .          Reflect  .   (no helmet)
rElec   .          Harm     .   (no cloak)
rCorr   .          Rampage  .   (no gloves)
Will    .....                   (no boots)
Stlth   +.........              (no amulet)
HPRegen 0.06/turn               (no ring)
MPRegen 0.10/turn               (no ring)

@: very slightly contaminated, glowing
A: sense surroundings 1, otherworldly, glowing, explore regen
a: no special abilities


You were on level 4 of the Dungeon.
You visited 1 branch of the dungeon, and saw 4 of its levels.

You collected 4 gold pieces.

Inventory:

Armour
 a - a +0 robe (worn)
Jewellery
 d - a ring of positive energy
Scrolls
 c - a scroll of brand weapon {unknown}
Potions
 e - a potion of brilliance {unknown}


   Skills:
 + Level 2.5 Dodging
 - Level 1.4 Stealth
 + Level 2.8 Spellcasting
 + Level 1.2 Conjurations
 + Level 4.2 Air Magic


You had 3 spell levels left.
You knew the following spells:

 Your Spells              Type           Power      Damage    Failure   Level
a - Shock                 Conj/Air       40%        1d5       6%          1
b - Static Discharge      Conj/Air       10%        3-5/arc   10%         2

Your spell library contained the following spells:

 Spells                   Type           Power      Damage    Failure   Level
 Swiftness                Air            15%        N/A       11%         3
 Airstrike                Air            7%         2d(2-18)  34%         4


Dungeon Overview and Level Annotations

Branches:
Dungeon (4/15) Zot: 2200
 Temple: D:4-7

Altars:


Innate Abilities, Weirdness & Mutations

You passively map a small area around you.
You are easily found by Zot.
You glow in the dark.
You regain HP and MP as you explore.


Message History

Your magical contamination has completely faded away.
A goblin comes into view. It is wielding a +0 club.
The goblin shouts!
The endoplasm attacks as you move away! The endoplasm barely misses you.
Found a stone staircase leading down.
The goblin hits you with a +0 club. The goblin attacks as you move away!
The goblin closely misses you. The endoplasm attacks as you move away!
The endoplasm barely misses you. The goblin attacks as you move away!
The goblin barely misses you. The endoplasm attacks as you move away!
The endoplasm barely misses you.
Casting: Shock (safe; 6% risk of failure)
Confirm with . or Enter, or press ? or * to list all spells.
The goblin is struck by an arc of lightning.
The goblin is severely wounded.
You are struck by an arc of lightning.
The endoplasm is struck by an arc of lightning!
You kill the endoplasm!
The lightning grounds out.
The goblin hits you with a +0 club.
Casting: Static Discharge (safe; 10% risk of failure)
Confirm with . or Enter, or press ? or * to list all spells.
The goblin is struck by an arc of lightning.
You kill the goblin!
You are struck by an arc of lightning.
* * * LOW HITPOINT WARNING * * *
The scorpion stings you but does no damage.
Magic courses through your body. The scorpion stings you.
* * * LOW HITPOINT WARNING * * *
Casting: Static Discharge (safe; 10% risk of failure)
Confirm with . or Enter, or press ? or * to list all spells.
The scorpion is struck by an arc of lightning.
The scorpion is moderately wounded.
You are struck by an arc of lightning.
* * * LOW HITPOINT WARNING * * *
The lightning grounds out.
The scorpion closely misses you.
Casting: Static Discharge (safe; 10% risk of failure)
Confirm with . or Enter, or press ? or * to list all spells.
You miscast Static Discharge.
You are very lightly contaminated with residual magic.
Nothing appears to happen.
The scorpion stings you!
You die...

...####.# ,*
≈≈......# *
.≈......# * ,*
.≈......# ## *
........####..#
≈≈.#...........
* , ,
...#...........
,
#..#..)s...####
* .......@...#
##.........# *
#.#.......#
*#.#....>..# ,
* # #.......# ,
#.......#
#.......# *
######### *


You could see a scorpion.

Vanquished Creatures
  An endoplasm (D:4)
  A giant cockroach (D:2)
  A goblin (D:4)
  3 kobolds
  A quokka (D:2)
  A bat (D:1)
8 creatures vanquished.

Notes
Turn   | Place    | Note
-------+----------+-------------------------------------------
     0 | D:1      | hawla the Meteoran Air Elementalist began the quest for the
                  | Orb.
     0 | D:1      | Reached XP level 1. HP: 14/14 MP: 5/5
   158 | D:2      | Reached skill level 4 in Air Magic
   158 | D:2      | Reached XP level 2. HP: 19/20 MP: 2/6
   161 | D:2      | Learned a level 2 spell: Static Discharge
   178 | D:4      | Noticed a scorpion
   199 | D:4      | Slain by a scorpion

Illustrated notes

Levels and vault maps discovered:
D:1:      minmay_arrival_stair_chambers, layout_basic
D:2:      layout_basic, minmay_liquid_box
D:3:      layout_loops_ring, shapermc_ecumenical_altar_rom_forum, serial_rivers,
          chequers_serial_rivers_micro_c, chequers_serial_rivers_micro_d,
          chequers_serial_rivers_marsh, chequers_serial_rivers_large_a,
          chequers_serial_rivers_micro_e
D:4:      layout_basic, mainiacjoe_overflow_alcove_1, nicolae_vehumet_radiance,
          nemelex_spade_bored_becter, mainiacjoe_overflow_large_starburst,
          hex_large

Skill      XL: |  1 |
---------------+----+-----
Air Magic      | 4 |  4.2
Dodging        | |  2.5
Stealth        | |  1.4
Spellcasting   | |  2.8
Conjurations   | |  1.2

Action                   || total
-------------------------++-------
Melee: Unarmed           ||     3
 Cast: Shock             ||    12
       Static Discharge  ||     5
  Use: Scroll            ||     3
       Potion            ||     1
Armor: Robe              ||     2
Dodge: Dodged            ||     9
